 Dungeon Crawl Stone Soup version 0.31.0-11-ge490571c62 (webtiles) character file.

Game seed: 12568398994717266361

36 ezpacito the Trooper (level 3, -1/43 HPs)
             Began as a Demonspawn Berserker on Jan 29, 2024.
             Was a Believer of Trog.
             Slain by a gnoll
             ... wielding a +0 spear
              (3 damage)
             ... on level 2 of the Dungeon.
             The game lasted 00:01:57 (1009 turns).

ezpacito the Trooper (Demonspawn Berserker)         Turns: 1009, Time: 00:01:57

Health: -1/43      AC:  6    Str: 17    XL:     3   Next: 19%
Magic:  3/3        EV: 12    Int:  7    God:    Trog [**....]
Gold:   55         SH:  0    Dex: 14    Spells: 2/2 levels left

rFire   . . .        c - +0 war axe (vamp)
rCold   . . .        (no shield)
rNeg    . . .        d - +0 scale mail
rPois   .            (no helmet)
rElec   .            (no cloak)
rCorr   .            (no gloves)
SInv    .            (no boots)
Will    .....        (no amulet) Stlth
                     (no ring)
HPRegen 0.27/turn    (no ring)
MPRegen 0.08/turn

%: no passive effects
@: brilliant, berserking, very quick
A: repulsion field 1, demonic touch 1
a: Renounce Religion, Berserk, Trog's Hand


You were on level 2 of the Dungeon.
You worshipped Trog.
Trog was pleased with you.
You visited 1 branch of the dungeon, and saw 2 of its levels.

You collected 55 gold pieces.

Inventory:

Hand Weapons
 c - a +0 vampiric war axe (weapon)
Missiles
 a - 2 poisoned darts (quivered)
 i - 14 stones
Armour
 d - a +0 scale mail (worn)
Jewellery
 h - a ring of fire
Scrolls
 e - a scroll of poison
 g - a scroll of silence


   Skills:
 * Level 3.3 Fighting
 * Level 3.2 Axes
 * Level 1.8 Armour
 * Level 2.0 Dodging
 * Level 0.9 Stealth
 * Level 0.3 Unarmed Combat


You had 2 spell levels left.
You didn't know any spells.
Your spell library was empty.

Dungeon Overview and Level Annotations

Branches:
Dungeon (2/15)

Altars:
Kikubaaqudgha


Innate Abilities, Weirdness & Mutations

You are surrounded by a mild repulsion field. (EV +2)
Your touch may inflict minor irresistible damage on your foes.


Message History

You completely miss the gnoll. The gnoll closely misses you.
The gnoll hits you but does no damage.
You hit the gnoll.
You feel better.
The gnoll is heavily wounded.
You hit the gnoll.
You feel better. The gnoll closely misses you. x2
The gnoll hits you with a +0 club.
You barely miss the gnoll.
The gnoll is heavily wounded.
You barely miss the gnoll.
The gnoll hits you from afar with a +0 spear.
The gnoll hits you with a +0 flail. The gnoll hits you with a +0 club.
The gnoll barely misses you.
The gnoll hits you from afar with a +0 spear!
* * * LOW HITPOINT WARNING * * *
The gnoll barely misses you.
Okay, then.
Okay, then.
It was a potion of brilliance.
You feel clever all of a sudden.
A red film seems to cover your vision as you go berserk!
You feel yourself moving faster!
You feel mighty!
The gnoll hits you from afar with a +0 spear.
* * * LOW HITPOINT WARNING * * *
You slash the gnoll!
You feel better.
You kill the gnoll!
Trog accepts your kill.
You have reached level 3!
Your experience leads to an increase in your attributes!
Increase (S)trength, (I)ntelligence, or (D)exterity?
You feel agile. x2; Your demonic ancestry asserts itself...
Your hands begin to faintly glow with unholy energy.
You barely miss the gnoll.
The gnoll hits you from afar with a +0 spear.
* * * LOW HITPOINT WARNING * * *
The gnoll hits you with a +0 flail!
* * * LOW HITPOINT WARNING * * *
You slash the gnoll! Your touch misses the gnoll.
The gnoll is heavily wounded.
The gnoll hits you from afar with a +0 spear.
You die...

#.###
#..........##.#
#...#
#........#.# ..
###.#####
#........#... #
#.....#
##########...
#####.#####
....
#.........###
#.###.#.gg..#
#...#g#.#
#g#g#@#
....?#.#
#.....#..
#....>#.##
#.....#..
#.#+#.#.. #.
#.#.. #...


You could see 3 gnolls.

Vanquished Creatures
  A gnoll (D:2)
  4 endoplasms (D:1)
  A giant cockroach (D:1)
  2 goblins (D:1)
  4 hobgoblins (D:1)
  2 kobolds (D:1)
  2 ball pythons (D:1)
  3 bats
  2 frilled lizards (D:1)
  4 rats (D:1)
25 creatures vanquished.

Notes
Turn   | Place    | Note
-------+----------+-------------------------------------------
     0 | D:1      | ezpacito the Demonspawn Berserker began the quest for the
                  | Orb.
     0 | D:1      | Reached XP level 1. HP: 18/18 MP: 1/1
   159 | D:1      | Gained mutation: You are surrounded by a mild repulsion
                  | field. (EV +2) [demonic ancestry]
   159 | D:1      | Reached XP level 2. HP: 24/24 MP: 2/2
   770 | D:1      | Reached ** piety under Trog
   956 | D:2      | Found an ancient bone altar of Kikubaaqudgha.
  1008 | D:2      | Gained mutation: Your touch may inflict minor irresistible
                  | damage on your foes. [demonic ancestry]
  1008 | D:2      | Reached XP level 3. HP: 11/29 MP: 3/3
  1008 | D:2      | HP: 2/43 [gnoll/+0 flail (8)]
  1009 | D:2      | Slain by a gnoll

Illustrated notes

Levels and vault maps discovered:
D:1:      wander_arrival_chamber, layout_loops_corners
D:2:      layout_basic, basic_altar, hex_intersection

Skill      XL: |  1  2 |
---------------+-------+-----
Dodging        | 2 |  2.0
Axes           | 3 |  3.2
Fighting       | |  3.3
Armour         | |  1.8
Stealth        | |  0.9
Unarmed Combat | |  0.3

Action                     || total
---------------------------++-------
  Melee: War axe           ||    51
         Hand axe          ||     7
 Invoke: Berserk           ||     1
    Use: Scroll            ||     4
         Potion            ||     1
   Stab: Sleeping          ||     1
 Armour: Scale mail        ||    41
         Animal skin       ||     2
  Dodge: Dodged            ||    26
